Map: Frozen Temple

Players

FuSe - Winner!

  • Race: Terran Terran
  • League: Bronze
  • Spawn Location: 11:00

Fropez

  • Race: Protoss Protoss
  • League: Silver
  • Spawn Location: 5:00

VOD

Have the link to the VOD?

Description

Time

  • Played on: May 26, 2016, 12:07 a.m.
  • Length: 9:55
Show
View Real Time Build Order
Export as new Build Order

FuSe Terran - Winner!

Build Orders:  

Get SALT Encoding   

  12  0:02  SCV  
  13  0:14  SCV  
  14  0:21  Supply Depot  
  14  0:26  SCV  
  15  0:34  Refinery  
  15  0:43  SCV  
  15  0:48  Barracks  
  16  0:55  SCV  
  17  1:04  Barracks  
  17  1:07  SCV  
  18  1:19  SCV  
  19  1:31  SCV  
  20  1:33  Refinery  
  20  1:36  Reaper  
  21  1:40  Supply Depot  
  21  1:46  Orbital Command  
  21  1:51  Reaper  
  22  2:10  Factory  
  22  2:11  SCV  
  23  2:16  Barracks Tech Lab  
  23  2:23  Barracks Reactor, SCV  
  24  2:35  Barracks  
  24  2:36  SCV  
  25  2:43  Stimpack  
  25  2:48  SCV  
  26  3:00  SCV  
  26  3:16  Marine x2  
  26  3:17  Marauder  
  26  3:18  Factory Tech Lab  
  30  3:24  Barracks Reactor  
  30  3:27  SCV  
  30  3:28  Starport  
  31  3:36  Command Center  
  31  3:53  Supply Depot  
  31  4:07  Starport Reactor  
  31  4:15  Siege Tank, SCV  
  31  4:16  Supply Depot  
  35  4:18  Engineering Bay  
  35  4:27  SCV  
  36  4:32  Marine x2  
  36  4:38  Marine x2, Marauder  
  40  4:39  SCV, Supply Depot  
  40  4:44  Medivac  
  45  4:46  Medivac  
  45  4:51  SCV  
  48  5:03  SCV  
  48  5:05  Marine x3  
  48  5:06  Marine  
  53  5:17  Refinery  
  53  5:19  Siege Tank  
  56  5:22  Marine  
  56  5:23  Marine  
  58  5:36  Medivac  
  58  5:37  Marine  
  58  5:40  SCV  
  62  5:43  SCV  
  63  5:51  Siege Tank  
  63  5:52  SCV  
  63  5:55  SCV  
  68  5:57  Marine x2  
  70  6:25  Supply Depot  
  70  6:28  Supply Depot  
  70  6:46  Marine x4, Medivac  
  70  6:47  SCV x2  
  78  6:50  Marine  
  79  6:59  SCV x2  
  76  7:04  Marine x2  
  77  7:08  Marauder  
  77  7:10  Marine x2  
  77  7:11  SCV  
  77  7:14  Siege Tank, Medivac  
  85  7:16  Terran Infantry Weapons Level 1  
  85  7:22  Marine  
  86  7:23  Refinery  
  86  7:25  Supply Depot  
  86  7:28  Supply Depot  
  86  7:44  Marauder  
  86  7:45  SCV, Medivac  
  80  7:57  SCV  
  80  7:58  SCV  
  82  8:04  Marine  
  82  8:05  Marine x4  
  87  8:09  SCV  
  87  8:10  SCV  
  89  8:22  Marine x2  
  89  8:23  Marine x2, Marauder  
  89  8:26  Supply Depot  
  82  8:45  Marauder  
  84  8:51  Marine x4  
  88  9:06  Marine  
  79  9:21  Marine x4  
  85  9:24  Marauder  
Show
View Real Time Build Order
Export as new Build Order

Fropez Protoss 

Build Orders:  

Get SALT Encoding   

  12  0:01  Probe (Chrono Boost)  
  13  0:21  Pylon  
  13  0:24  Pylon  
  13  0:26  Probe (Chrono Boost)  
  14  0:37  Probe (Chrono Boost)  
  15  0:46  Gateway  
  15  0:59  Pylon  
  15  1:00  Probe (Chrono Boost)  
  16  1:05  Assimilator  
  16  1:10  Probe (Chrono Boost)  
  17  1:18  Pylon  
  17  1:23  Probe (Chrono Boost)  
  18  1:27  Gateway  
  18  1:34  Probe (Chrono Boost)  
  18  1:38  Cybernetics Core  
  19  1:44  Probe (Chrono Boost)  
  20  1:50  Assimilator  
  20  1:55  Probe (Chrono Boost)  
  21  2:05  Probe (Chrono Boost)  
  22  2:16  Mothership Core (Chrono Boost)  
  24  2:23  Warp Gate (Chrono Boost)  
  24  2:30  Pylon  
  24  2:34  Probe (Chrono Boost)  
  24  2:36  Forge  
  25  2:46  Probe, Stalker  
  25  2:50  Stalker  
  29  3:06  Probe  
  30  3:17  Photon Cannon  
  30  3:19  Probe  
  31  3:24  Pylon  
  31  3:30  Stalker  
  31  3:31  Probe  
  31  3:34  Protoss Ground Weapons Level 1 (Chrono Boost)  
  34  3:43  Probe  
  35  3:49  Twilight Council  
  35  4:00  Probe  
  36  4:12  Probe  
  37  4:25  Probe  
  37  4:27  Blink (Chrono Boost)  
  38  4:35  Nexus  
  38  4:37  Probe  
  39  4:47  Stalker x2  
  39  4:49  Probe  
  44  5:04  Pylon, Probe, Gateway  
  45  5:16  Probe  
  45  5:19  Protoss Ground Weapons Level 2 (Chrono Boost)  
  44  5:26  Stalker  
  46  5:28  Stalker  
  46  5:29  Probe  
  49  5:52  Gateway  
  49  5:55  Probe x2  
  49  5:56  Photon Cannon  
  51  6:08  Probe  
  52  6:12  Photon Cannon  
  52  6:13  Probe, Stalker  
  52  6:14  Stalker  
  57  6:23  Probe, Robotics Facility  
  58  6:28  Probe  
  58  6:29  Assimilator  
  59  6:34  Assimilator  
  57  6:41  Stalker  
  57  6:42  Stalker  
  53  7:14  Pylon  
  53  7:17  Pylon  
  53  7:35  Observer  
  54  7:57  Pylon  
  54  8:03  Photon Cannon  
  53  8:20  Nexus  
  53  8:24  Assimilator  
  53  8:25  Assimilator  
  51  8:30  Pylon x2  
  50  8:43  Stalker x3  
  50  8:44  Stalker  
  58  8:55  Pylon  
  42  9:23  Stalker x2  
  40  9:25  Mothership Core  
  40  9:45  Photon Cannon  
  38  9:48  Photon Cannon  
Tags
 
Matchup
PvT
Replay Pack
All Mines
Spawn Locations
Cross Positions
Add a new tag
Caveats
  • Supply blocks, unpowered buildings, or Contaminate may cause inaccurate times.
  • Supply counts are checked every 10 seconds.